Monarchs vs Diables
Created - 11 mars 2017 at 19:07
Goals
|
Monarchs |
0 |
2 |
0 |
2 |
Diables |
0 |
3 |
3 |
6 |
|
Shots
|
Monarchs |
7 |
9 |
16 |
32 |
Diables |
3 |
12 |
13 |
28 |
|
1st period
No Goal
Penalties :
Mark Fraser (Alm) for Elbowing (Minor) at 11:32, Justin Faulk (MAN) for Elbowing (Minor) at 14:55
2nd period
1. Monarchs , Johnny Gaudreau 29 (Shawn Matthias) at 6:39 (PP)
2. Diables , Kellan Lain 39 (Lukas Krajicek, Tyler Bozak) at 6:45
3. Diables , Kellan Lain 40 (Tyler Bozak) at 10:08
4. Diables , Benn Ferriero 14 (Kellan Lain, Tyler Bozak) at 10:41
5. Monarchs , Ryan White 10 (Matt Irwin, Trevor Lewis) at 11:52
Penalties :
Zac Rinaldo (MAN) for Interference (Minor) at 2:06, Justin Faulk (MAN) for Interference (Minor) at 4:33, Craig Smith (Alm) for High sticking (Minor) at 6:35, Kyle Clifford (MAN) for Tripping (Minor) at 13:23, Taylor Beck (Alm) for Hooking (Minor) at 15:46
3rd period
6. Diables , Petter Granberg 4 (Gabriel Landeskog, Tyler Bozak) at 1:35 (PP)
7. Diables , Riley Sheahan 12 (Tomas Kubalik, Gabriel Landeskog) at 8:31
8. Diables , Tyler Bozak 36 (Tyler Cuma) at 8:47
Penalties :
Johnny Gaudreau (MAN) for Tripping (Minor) at 1:31, Tom Gilbert (MAN) for Hooking (Minor) at 2:54, Trevor Lewis (MAN) for High sticking (Minor) at 12:09, Brandon Prust (Alm) for Fighting (Major) at 15:35, Andreas Martinsen (MAN) for Fighting (Major) at 15:35
Goalie Stats
Andrew Hammond (MAN), 10 saves from 12 shots - (0,833), 18:25 minutes
Jhonas Enroth (MAN), 12 saves from 16 shots - (0,750), L, 24-13-7, 41:35 minutes
Marek Mazanek (Alm), 30 saves from 32 shots - (0,938), W, 8-6-0, 60:00 minutes
Players Stats for Monarchs
Player Name G A P +/- PIM S H SB GA TA FO MP PP MP PK MP
------------------------------------------------------------------------------------
Alec Martinez 0 0 0 -2 0 2 2 4 0 1 0/0 25:59 2:31 6:56
Alexandre Grenier 0 0 0 0 0 0 1 0 1 1 0/0 16:21 0:04 6:31
Andreas Martinsen 0 0 0 1 5 1 1 0 0 0 0/0 8:11 0:05 0:01
Anthony Peluso 0 0 0 1 0 0 0 0 0 0 0/0 7:36 0:00 0:00
Johnny Gaudreau 1 0 1 -3 2 4 3 0 0 0 0/0 17:53 2:00 2:04
Justin Faulk 0 0 0 -2 4 0 0 1 0 1 0/0 19:01 1:31 0:33
Justin Williams 0 0 0 -2 0 2 1 1 0 0 0/0 14:46 1:58 0:00
Kyle Clifford 0 0 0 -2 2 3 0 1 1 2 0/0 17:12 1:57 1:58
Mark Stone 0 0 0 -3 0 2 1 0 0 0 0/0 15:20 2:00 0:00
Matt Irwin 0 1 1 -2 0 5 4 3 3 0 0/0 18:02 2:31 0:13
Matt Tennyson 0 0 0 0 0 1 1 0 0 0 0/0 17:14 0:00 5:01
Riley Cote 0 0 0 0 0 0 2 0 1 0 5/10 15:54 0:00 6:08
Ryan White 1 0 1 1 0 3 1 0 1 0 2/3 8:05 0:05 0:00
Shawn Matthias 0 1 1 -3 0 4 4 1 0 0 13/23 19:13 2:00 3:53
Theo Peckham 0 0 0 -2 0 2 0 2 2 1 0/0 21:05 0:00 6:56
Tom Gilbert 0 0 0 0 2 0 0 1 0 2 0/0 18:43 1:31 4:16
Trevor Lewis 0 1 1 0 2 2 0 0 0 0 2/7 9:15 0:00 0:00
Zac Rinaldo 0 0 0 -2 2 1 0 0 0 0 7/15 18:04 1:57 3:22
Players Stats for Diables
Player Name G A P +/- PIM S H SB GA TA FO MP PP MP PK MP
------------------------------------------------------------------------------------
Ben Hanowski 0 0 0 0 0 0 0 0 1 0 0/0 10:39 0:04 0:00
Benn Ferriero 1 0 1 4 0 6 0 0 1 0 1/1 20:42 6:31 0:00
Brandon Prust 0 0 0 0 5 0 1 0 0 0 0/0 10:57 0:00 0:49
Brian Dumoulin 0 0 0 0 0 0 0 1 0 0 0/0 11:08 0:00 1:10
Craig Smith 0 0 0 0 2 1 0 0 0 0 2/4 11:18 0:23 0:12
Gabriel Landeskog 0 2 2 1 0 2 2 0 1 0 1/1 21:09 6:31 1:38
J.T. Brown 0 0 0 -1 0 0 1 0 1 0 0/0 5:48 0:00 0:00
Jamie Oleksiak 0 0 0 0 0 0 1 0 0 0 0/0 4:05 0:51 0:00
Kellan Lain 2 1 3 4 0 3 1 0 0 0 0/1 21:29 5:23 2:04
Kyle Chipchura 0 0 0 -1 0 0 0 0 0 0 0/2 8:01 0:00 1:00
Lukas Krajicek 0 1 1 2 0 0 1 2 0 1 0/0 20:41 4:54 2:05
Mark Fraser 0 0 0 2 2 1 1 0 0 1 0/0 20:05 4:54 0:55
Pavel Valentenko 0 0 0 2 0 1 1 2 0 1 0/0 18:28 0:00 1:57
Petter Granberg 1 0 1 0 0 2 1 2 0 3 0/0 20:51 7:04 0:00
Riley Sheahan 1 0 1 1 0 2 1 1 1 0 4/8 17:57 5:27 0:00
Taylor Beck 0 0 0 -1 2 0 1 0 0 0 0/0 6:23 0:00 0:12
Tomas Kubalik 0 1 1 1 0 3 2 0 1 0 0/0 17:50 5:23 0:00
Tyler Bozak 1 4 5 4 0 5 0 0 0 1 21/41 23:07 6:12 2:09
Tyler Cuma 0 1 1 2 0 2 1 3 2 2 0/0 25:16 6:13 1:57
3 Stars
1 - Tyler Bozak (Alm)
2 - Kellan Lain (Alm)
3 - Benn Ferriero (Alm)
Power Play
Monarchs - 1 on 3 Attempt(s) - 33,33%
Diables - 1 on 7 Attempt(s) - 14,29%
Penalty Kill
Monarchs - 6 on 7 Attempt(s) - 85,71%
- Score 0 goal in Penalty Kill
Diables - 2 on 3 Attempt(s) - 66,67%
- Score 0 goal in Penalty Kill
Team Stat
Monarchs - Hits : 21 - Faceoff Wins : 29 - Blocked Shots : 14 - Penalty Minutes : 19
Diables - Hits : 15 - Faceoff Wins : 29 - Blocked Shots : 11 - Penalty Minutes : 11
Official
Referees : Kozari Steve and Leggo Mike
Linesman : Tony Sericolo and Ryan Galloway
Game Notes
Andrew Hammond enters game at 1:35 of 3rd period
Brandon Prust beats up Andreas Martinsen at 15:35 of 3rd period
Finance
Level 1 -- Attendance: 1518 (75,90%) -- Ticket Income 53 130 $
Level 2 -- Attendance: 669 (66,90%) -- Ticket Income 10 035 $
Total Attendance: 2187 (72,90%)
Total Ticket Income: 63 165 $
Other Income: 3 158 $
Total Income: 66 323 $
Monarchs
5 vs 5 Forward
Center Left Wing Right Wing Time % Phy DF OF
1 Zac Rinaldo Kyle Clifford Justin Williams 35 0 2 2
2 Shawn Matthias Johnny Gaudreau Mark Stone 35 1 2 2
3 Trevor Lewis Riley Cote Alexandre Grenier 20 1 2 2
4 Ryan White Andreas Martinsen Anthony Peluso 10 1 2 2
5 vs 5 Defense
Defense Defense Time % Phy DF OF
1 Alec Martinez Justin Faulk 35 0 3 2
2 Matt Irwin Theo Peckham 35 0 3 2
3 Matt Tennyson Tom Gilbert 25 1 3 1
4 Tom Gilbert Alec Martinez 5 1 3 1
PowerPlay Forward
Center Left Wing Right Wing Time % Phy DF OF
1 Shawn Matthias Johnny Gaudreau Mark Stone 60 0 1 4
2 Zac Rinaldo Kyle Clifford Justin Williams 40 0 1 4
PowerPlay Defense
Defense Defense Time % Phy DF OF
1 Matt Irwin Alec Martinez 60 0 2 3
2 Justin Faulk Tom Gilbert 40 0 2 3
Penalty Kill 4 Players Forward
Center Wing Time % Phy DF OF
1 Riley Cote Alexandre Grenier 60 1 2 2
2 Shawn Matthias Zac Rinaldo 40 1 2 2
Penalty Kill 4 Players Defense
Defense Defense Time % Phy DF OF
1 Alec Martinez Theo Peckham 60 1 2 2
2 Tom Gilbert Matt Tennyson 40 1 2 2
Penalty Kill - 3 Players Forward
Forward Time % Phy DF OF
1 Riley Cote 60 1 2 2
2 Shawn Matthias 40 1 2 2
Penalty Kill - 3 Players Defense
Defense Defense Time % Phy DF OF
1 Theo Peckham Tom Gilbert 60 1 2 2
2 Matt Tennyson Alec Martinez 40 1 2 2
4 vs 4 Forward
Center Wing Time % Phy DF OF
1 Riley Cote Justin Williams 60 1 2 2
2 Shawn Matthias Johnny Gaudreau 40 1 2 2
4 vs 4 Defense
Defense Defense Time % Phy DF OF
1 Matt Irwin Alec Martinez 60 1 2 2
2 Tom Gilbert Matt Tennyson 40 1 2 2
Last Minutes Offensive
Center Left Wing Right Wing Defense Defense
Shawn Matthias Kyle Clifford Justin Williams Justin Faulk Matt Irwin
Last Minutes Defensive
Center Left Wing Right Wing Defense Defense
Shawn Matthias Riley Cote Alexandre Grenier Alec Martinez Theo Peckham
Goaltenders
Starting : Jhonas Enroth
Backup : Andrew Hammond
Extra Forwards
Normal : Johnny Gaudreau, Zac Rinaldo, Mark Stone - PP : Shawn Matthias, Zac Rinaldo - PK : Kyle Clifford
Extra Defensemen
Normal : Matt Irwin, Justin Faulk, Alec Martinez - PP : Matt Tennyson - PK : Justin Faulk, Matt Irwin
Penalty Shots
Riley Cote, Justin Williams, Matt Irwin, Shawn Matthias, Kyle Clifford
Diables
5 vs 5 Forward
Center Left Wing Right Wing Time % Phy DF OF
1 Tyler Bozak Kellan Lain Benn Ferriero 40 1 2 2
2 Riley Sheahan Gabriel Landeskog Tomas Kubalik 30 1 2 2
3 Craig Smith Brandon Prust Ben Hanowski 20 1 2 2
4 Kyle Chipchura Taylor Beck J.T. Brown 10 1 2 2
5 vs 5 Defense
Defense Defense Time % Phy DF OF
1 Pavel Valentenko Tyler Cuma 40 1 2 2
2 Lukas Krajicek Mark Fraser 30 1 2 2
3 Petter Granberg Brian Dumoulin 20 1 2 2
4 Petter Granberg Jamie Oleksiak 10 1 2 2
PowerPlay Forward
Center Left Wing Right Wing Time % Phy DF OF
1 Tyler Bozak Gabriel Landeskog Benn Ferriero 60 1 2 2
2 Riley Sheahan Kellan Lain Tomas Kubalik 40 1 2 2
PowerPlay Defense
Defense Defense Time % Phy DF OF
1 Petter Granberg Tyler Cuma 60 1 2 2
2 Lukas Krajicek Mark Fraser 40 1 2 2
Penalty Kill 4 Players Forward
Center Wing Time % Phy DF OF
1 Tyler Bozak Kellan Lain 60 1 2 2
2 Brandon Prust Gabriel Landeskog 40 1 2 2
Penalty Kill 4 Players Defense
Defense Defense Time % Phy DF OF
1 Pavel Valentenko Tyler Cuma 60 1 2 2
2 Lukas Krajicek Mark Fraser 40 1 2 2
Penalty Kill - 3 Players Forward
Forward Time % Phy DF OF
1 Tyler Bozak 60 1 2 2
2 Kellan Lain 40 1 2 2
Penalty Kill - 3 Players Defense
Defense Defense Time % Phy DF OF
1 Pavel Valentenko Tyler Cuma 60 1 2 2
2 Lukas Krajicek Mark Fraser 40 1 2 2
4 vs 4 Forward
Center Wing Time % Phy DF OF
1 Tyler Bozak Kellan Lain 60 1 2 2
2 Brandon Prust Gabriel Landeskog 40 1 2 2
4 vs 4 Defense
Defense Defense Time % Phy DF OF
1 Pavel Valentenko Tyler Cuma 60 1 2 2
2 Lukas Krajicek Mark Fraser 40 1 2 2
Last Minutes Offensive
Center Left Wing Right Wing Defense Defense
Tyler Bozak Kellan Lain Benn Ferriero Lukas Krajicek Tyler Cuma
Last Minutes Defensive
Center Left Wing Right Wing Defense Defense
Tyler Bozak Kellan Lain Benn Ferriero Lukas Krajicek Tyler Cuma
Goaltenders
Starting : Marek Mazanek
Backup : Jean-Francois Berube
Extra Forwards
Normal : Craig Smith, Ben Hanowski, Kyle Chipchura - PP : Craig Smith, Ben Hanowski - PK : Kyle Chipchura
Extra Defensemen
Normal : Pavel Valentenko, Brian Dumoulin, Petter Granberg - PP : Pavel Valentenko - PK : Brian Dumoulin, Petter Granberg
Penalty Shots
Tyler Bozak, Kellan Lain, Brandon Prust, Gabriel Landeskog, Riley Sheahan
% Time on Ice - Monarchs
Lines # - Real PCT - Wanted PCT - Time Play
Normal Forward
1 - 32% - 35% - 13:53
2 - 30% - 35% - 13:22
3 - 21% - 20% - 9:09
4 - 17% - 10% - 7:36
Normal Defense
1 - 36% - 35% - 16:02
2 - 37% - 35% - 16:15
3 - 25% - 25% - 11:07
4 - 1% - 5% - 0:36
PP Forward
1 - 51% - 60% - 2:04
2 - 49% - 40% - 1:58
PP Defense
1 - 62% - 60% - 2:31
2 - 38% - 40% - 1:31
PK Forward
1 - 74% - 60% - 8:50
2 - 26% - 40% - 3:08
PK Defense
1 - 58% - 60% - 6:57
2 - 42% - 40% - 5:01
PK3 Forward
1 - 0% - 60%
2 - 0% - 40%
PK3 Defense
1 - 0% - 60%
2 - 0% - 40%
44 Forward
1 - 0% - 60%
2 - 0% - 40%
44 Defense
1 - 0% - 60%
2 - 0% - 40%
Last Minute Offensive - 0:00
Last Minute Defensive - 0:00
Total
Forward - 60:00
Defense - 60:00
|
% Time on Ice - Diables
Lines # - Real PCT - Wanted PCT - Time Play
Normal Forward
1 - 34% - 40% - 15:10
2 - 28% - 30% - 12:30
3 - 24% - 20% - 10:32
4 - 13% - 10% - 5:48
Normal Defense
1 - 41% - 40% - 18:11
2 - 31% - 30% - 13:42
3 - 20% - 20% - 8:53
4 - 7% - 10% - 3:14
PP Forward
1 - 54% - 60% - 6:31
2 - 46% - 40% - 5:27
PP Defense
1 - 59% - 60% - 7:04
2 - 41% - 40% - 4:54
PK Forward
1 - 80% - 60% - 3:13
2 - 20% - 40% - 0:49
PK Defense
1 - 48% - 60% - 1:57
2 - 52% - 40% - 2:05
PK3 Forward
1 - 0% - 60%
2 - 0% - 40%
PK3 Defense
1 - 0% - 60%
2 - 0% - 40%
44 Forward
1 - 0% - 60%
2 - 0% - 40%
44 Defense
1 - 0% - 60%
2 - 0% - 40%
Last Minute Offensive - 0:00
Last Minute Defensive - 0:00
Total
Forward - 60:00
Defense - 60:00
|
Play by Play
1st period
0:01 of 1st period - Tyler Bozak wins face-off versus Zac Rinaldo in neutral zone.
0:06 of 1st period - Snap shot by Benn Ferriero.
0:06 of 1st period - Deflect By Alec Martinez.
0:06 of 1st period - Stopped by Jhonas Enroth with a rebound.
0:50 of 1st period - Snap shot by Ryan White.
0:50 of 1st period - Stopped by Marek Mazanek with a rebound.
1:35 of 1st period - Wrist shot by Justin Williams.
1:35 of 1st period - Stopped by Marek Mazanek with a rebound.
1:39 of 1st period - Slapshot by Justin Williams.
1:39 of 1st period - Stopped by Marek Mazanek with a rebound.
2:19 of 1st period - Wrist shot by Riley Cote.
2:19 of 1st period - Deflect By Brandon Prust.
2:19 of 1st period - Shot Misses the Net.
2:19 of 1st period - Puck is out of play.
2:20 of 1st period - Trevor Lewis wins face-off versus Craig Smith in Diables zone.
2:47 of 1st period - Snap shot by Kellan Lain.
2:47 of 1st period - Shot Blocked by Justin Faulk.
2:49 of 1st period - Slapshot by Benn Ferriero.
2:49 of 1st period - Stopped by Jhonas Enroth without a rebound.
2:50 of 1st period - Shawn Matthias wins face-off versus Tyler Bozak in Monarchs zone.
3:01 of 1st period - Wrist shot by Johnny Gaudreau.
3:01 of 1st period - Shot Misses the Net.
3:15 of 1st period - Kyle Clifford is hit by Tomas Kubalik and loses puck.
4:40 of 1st period - Justin Faulk is hit by Tomas Kubalik and loses puck.
4:47 of 1st period - Snap shot by Tomas Kubalik.
4:47 of 1st period - Shot Blocked by Kyle Clifford.
5:11 of 1st period - Wrist shot by Kyle Clifford.
5:11 of 1st period - Shot Misses the Net.
5:13 of 1st period - Slapshot by Justin Faulk.
5:13 of 1st period - Shot Misses the Net.
5:25 of 1st period - Wrist shot by Justin Williams.
5:25 of 1st period - Shot Blocked by Petter Granberg.
6:07 of 1st period - Backhand shot by Craig Smith.
6:07 of 1st period - Shot Blocked by Alec Martinez.
7:10 of 1st period - Wrist shot by Justin Williams.
7:10 of 1st period - Shot Misses the Net.
7:12 of 1st period - Slapshot by Alec Martinez.
7:12 of 1st period - Stopped by Marek Mazanek with a rebound.
7:14 of 1st period - Wrist shot by Zac Rinaldo.
7:14 of 1st period - Deflect By Justin Williams.
7:14 of 1st period - Shot Misses the Net.
7:14 of 1st period - Puck is out of play.
7:15 of 1st period - Shawn Matthias wins face-off versus Tyler Bozak in Diables zone.
7:20 of 1st period - Slapshot by Shawn Matthias.
7:20 of 1st period - Stopped by Marek Mazanek with a rebound.
7:49 of 1st period - Wrist shot by Tomas Kubalik.
7:49 of 1st period - Stopped by Jhonas Enroth without a rebound.
7:50 of 1st period - Riley Sheahan wins face-off versus Trevor Lewis in Monarchs zone.
7:51 of 1st period - Wrist shot by Tomas Kubalik.
7:51 of 1st period - Shot Blocked by Matt Irwin.
8:36 of 1st period - Backhand shot by Johnny Gaudreau.
8:36 of 1st period - Deflect By Mark Stone.
8:36 of 1st period - Shot Misses the Net.
8:36 of 1st period - Puck is out of play.
8:37 of 1st period - Shawn Matthias wins face-off versus Kyle Chipchura in Diables zone.
9:29 of 1st period - Matt Irwin is hit by Riley Sheahan and loses puck.
9:40 of 1st period - J.T. Brown is hit by Shawn Matthias and loses puck.
10:06 of 1st period - Theo Peckham is hit by Jamie Oleksiak and loses puck.
10:41 of 1st period - Matt Tennyson is hit by Mark Fraser.
11:32 of 1st period - Minor Penalty to Mark Fraser for Elbowing.
11:33 of 1st period - Tyler Bozak wins face-off versus Shawn Matthias in Diables zone.
11:33 of 1st period - Tyler Bozak is hit by Shawn Matthias.
12:18 of 1st period - Tyler Bozak is hit by Johnny Gaudreau and loses puck.
13:09 of 1st period - Alec Martinez is hit by Taylor Beck.
13:31 of 1st period - Tyler Bozak is hit by Alexandre Grenier and loses puck.
13:32 of 1st period - Penalty to Mark Fraser is over, Mark Fraser is back on ice.
14:02 of 1st period - Snap shot by Riley Cote.
14:02 of 1st period - Shot Blocked by Pavel Valentenko.
14:12 of 1st period - Theo Peckham is hit by Pavel Valentenko and loses puck.
14:55 of 1st period - Minor Penalty to Justin Faulk for Elbowing.
14:56 of 1st period - Riley Cote wins face-off versus Riley Sheahan in Monarchs zone.
15:22 of 1st period - Snap shot by Benn Ferriero.
15:22 of 1st period - Shot Misses the Net.
15:24 of 1st period - Slapshot by Mark Fraser.
15:24 of 1st period - Shot Misses the Net.
15:40 of 1st period - Gabriel Landeskog is hit by Shawn Matthias and loses puck.
15:55 of 1st period - Snap shot by Johnny Gaudreau.
15:55 of 1st period - Stopped by Marek Mazanek with a rebound.
15:57 of 1st period - Snap shot by Johnny Gaudreau.
15:57 of 1st period - Shot Misses the Net.
15:59 of 1st period - Snap shot by Kyle Clifford.
15:59 of 1st period - Shot Blocked by Riley Sheahan.
16:43 of 1st period - Kyle Clifford is hit by Lukas Krajicek and loses puck.
16:55 of 1st period - Penalty to Justin Faulk is over, Justin Faulk is back on ice.
17:14 of 1st period - Wrist shot by Ryan White.
17:14 of 1st period - Shot Blocked by Tyler Cuma.
17:30 of 1st period - Backhand shot by Brandon Prust.
17:30 of 1st period - Shot Blocked by Matt Irwin.
17:36 of 1st period - Craig Smith is hit by Matt Irwin and loses puck.
18:32 of 1st period - Wrist shot by J.T. Brown.
18:32 of 1st period - Shot Blocked by Shawn Matthias.
18:38 of 1st period - Kyle Chipchura is hit by Mark Stone and loses puck.
19:03 of 1st period - Slapshot by Lukas Krajicek.
19:03 of 1st period - Shot Misses the Net.
19:05 of 1st period - Snap shot by Ben Hanowski.
19:05 of 1st period - Shot Misses the Net.
19:40 of 1st period - Johnny Gaudreau is hit by Kellan Lain.
19:44 of 1st period - Slapshot by Shawn Matthias.
19:44 of 1st period - Shot Misses the Net.
19:46 of 1st period - Slapshot by Mark Stone.
19:46 of 1st period - Stopped by Marek Mazanek with a rebound.
Goals for this period are 0 for Monarchs vs 0 for Diables.
Shots for this period are 7 for Monarchs vs 3 for Diables.
2nd period
0:01 of 2nd period - Shawn Matthias wins face-off versus Tyler Bozak in neutral zone.
0:06 of 2nd period - Wrist shot by Shawn Matthias.
0:06 of 2nd period - Stopped by Marek Mazanek with a rebound.
0:51 of 2nd period - Matt Irwin is hit by Brandon Prust and loses puck.
1:12 of 2nd period - Kyle Chipchura is hit by Matt Irwin and loses puck.
1:56 of 2nd period - Snap shot by Tomas Kubalik.
1:56 of 2nd period - Shot Misses the Net.
1:58 of 2nd period - Slapshot by Gabriel Landeskog.
1:58 of 2nd period - Shot Misses the Net.
2:06 of 2nd period - Minor Penalty to Zac Rinaldo for Interference.
2:07 of 2nd period - Riley Cote wins face-off versus Tyler Bozak in Monarchs zone.
2:38 of 2nd period - Snap shot by Tomas Kubalik.
2:38 of 2nd period - Stopped by Jhonas Enroth with a rebound.
2:40 of 2nd period - Snap shot by Tomas Kubalik.
2:40 of 2nd period - Shot Blocked by Alec Martinez.
2:42 of 2nd period - Slapshot by Mark Fraser.
2:42 of 2nd period - Deflect By Riley Cote.
2:42 of 2nd period - Stopped by Jhonas Enroth with a rebound.
3:06 of 2nd period - Slapshot by Shawn Matthias.
3:06 of 2nd period - Stopped by Marek Mazanek with a rebound.
4:06 of 2nd period - Penalty to Zac Rinaldo is over, Zac Rinaldo is back on ice.
4:21 of 2nd period - Wrist shot by Craig Smith.
4:21 of 2nd period - Shot Misses the Net.
4:33 of 2nd period - Minor Penalty to Justin Faulk for Interference.
4:34 of 2nd period - Tyler Bozak wins face-off versus Riley Cote in Monarchs zone.
5:02 of 2nd period - Snap shot by Kellan Lain.
5:02 of 2nd period - Shot Misses the Net.
5:38 of 2nd period - Shawn Matthias is hit by Petter Granberg.
6:33 of 2nd period - Penalty to Justin Faulk is over, Justin Faulk is back on ice.
6:35 of 2nd period - Minor Penalty to Craig Smith for High sticking.
6:36 of 2nd period - Shawn Matthias wins face-off versus Tyler Bozak in Diables zone.
6:37 of 2nd period - Wrist shot by Johnny Gaudreau.
6:37 of 2nd period - Deflect By Shawn Matthias.
6:37 of 2nd period - Shot Blocked by Tyler Cuma.
6:37 of 2nd period - Puck is out of play.
6:38 of 2nd period - Shawn Matthias wins face-off versus Kellan Lain in Diables zone.
6:39 of 2nd period - Wrist shot by Johnny Gaudreau.
6:39 of 2nd period - Goal by Johnny Gaudreau - Monarchs : 1 - Diables : 0.
6:40 of 2nd period - Tyler Bozak wins face-off versus Shawn Matthias in neutral zone.
6:45 of 2nd period - Snap shot by Kellan Lain.
6:45 of 2nd period - Goal by Kellan Lain - Monarchs : 1 - Diables : 1.
6:46 of 2nd period - Tyler Bozak wins face-off versus Shawn Matthias in neutral zone.
7:24 of 2nd period - Snap shot by Riley Sheahan.
7:24 of 2nd period - Stopped by Jhonas Enroth without a rebound.
7:25 of 2nd period - Tyler Bozak wins face-off versus Trevor Lewis in Monarchs zone.
8:19 of 2nd period - Snap shot by Craig Smith.
8:19 of 2nd period - Shot Misses the Net.
9:00 of 2nd period - Off-side.
9:01 of 2nd period - Riley Sheahan wins face-off versus Shawn Matthias in neutral zone.
9:26 of 2nd period - Lukas Krajicek is hit by Matt Irwin.
9:50 of 2nd period - Snap shot by Shawn Matthias.
9:50 of 2nd period - Shot Blocked by Lukas Krajicek.
9:52 of 2nd period - Wrist shot by Shawn Matthias.
9:52 of 2nd period - Stopped by Marek Mazanek without a rebound.
9:53 of 2nd period - Zac Rinaldo wins face-off versus Tyler Bozak in Diables zone.
10:02 of 2nd period - Snap shot by Kellan Lain.
10:02 of 2nd period - Shot Misses the Net.
10:04 of 2nd period - Slapshot by Petter Granberg.
10:04 of 2nd period - Shot Blocked by Justin Williams.
10:06 of 2nd period - Snap shot by Kellan Lain.
10:06 of 2nd period - Stopped by Jhonas Enroth without a rebound.
10:07 of 2nd period - Tyler Bozak wins face-off versus Zac Rinaldo in Monarchs zone.
10:08 of 2nd period - Wrist shot by Kellan Lain.
10:08 of 2nd period - Goal by Kellan Lain - Monarchs : 1 - Diables : 2.
10:09 of 2nd period - Tyler Bozak wins face-off versus Shawn Matthias in neutral zone.
10:16 of 2nd period - Snap shot by Tyler Bozak.
10:16 of 2nd period - Shot Misses the Net.
10:18 of 2nd period - Slapshot by Pavel Valentenko.
10:18 of 2nd period - Stopped by Jhonas Enroth without a rebound.
10:19 of 2nd period - Shawn Matthias wins face-off versus Tyler Bozak in Monarchs zone.
10:35 of 2nd period - Snap shot by Tyler Bozak.
10:35 of 2nd period - Shot Misses the Net.
10:37 of 2nd period - Backhand shot by Kellan Lain.
10:37 of 2nd period - Shot Blocked by Theo Peckham.
10:39 of 2nd period - Snap shot by Benn Ferriero.
10:39 of 2nd period - Deflect By Johnny Gaudreau.
10:39 of 2nd period - Stopped by Jhonas Enroth with a rebound.
10:41 of 2nd period - Backhand shot by Benn Ferriero.
10:41 of 2nd period - Goal by Benn Ferriero - Monarchs : 1 - Diables : 3.
10:42 of 2nd period - Zac Rinaldo wins face-off versus Tyler Bozak in neutral zone.
10:49 of 2nd period - Snap shot by Kyle Clifford.
10:49 of 2nd period - Shot Misses the Net.
10:51 of 2nd period - Slapshot by Justin Faulk.
10:51 of 2nd period - Shot Misses the Net.
11:52 of 2nd period - Slapshot by Matt Irwin.
11:52 of 2nd period - Deflect By Ryan White.
11:52 of 2nd period - Goal by Ryan White - Monarchs : 2 - Diables : 3.
11:53 of 2nd period - Tyler Bozak wins face-off versus Zac Rinaldo in neutral zone.
12:02 of 2nd period - Slapshot by Mark Fraser.
12:02 of 2nd period - Shot Misses the Net.
12:27 of 2nd period - Snap shot by Johnny Gaudreau.
12:27 of 2nd period - Deflect By Mark Stone.
12:27 of 2nd period - Stopped by Marek Mazanek with a rebound.
12:37 of 2nd period - Riley Sheahan is hit by Andreas Martinsen and loses puck.
12:58 of 2nd period - Off-side.
12:59 of 2nd period - Craig Smith wins face-off versus Trevor Lewis in neutral zone.
13:04 of 2nd period - Snap shot by Craig Smith.
13:04 of 2nd period - Stopped by Jhonas Enroth with a rebound.
13:23 of 2nd period - Minor Penalty to Kyle Clifford for Tripping.
13:24 of 2nd period - Riley Cote wins face-off versus Tyler Bozak in Monarchs zone.
13:54 of 2nd period - Slapshot by Tyler Cuma.
13:54 of 2nd period - Stopped by Jhonas Enroth with a rebound.
13:56 of 2nd period - Slapshot by Petter Granberg.
13:56 of 2nd period - Shot Blocked by Tom Gilbert.
13:58 of 2nd period - Slapshot by Tyler Cuma.
13:58 of 2nd period - Shot Misses the Net.
15:23 of 2nd period - Penalty to Kyle Clifford is over, Kyle Clifford is back on ice.
15:46 of 2nd period - Minor Penalty to Taylor Beck for Hooking.
15:47 of 2nd period - Zac Rinaldo wins face-off versus Tyler Bozak in Diables zone.
15:49 of 2nd period - Snap shot by Kyle Clifford.
15:49 of 2nd period - Stopped by Marek Mazanek with a rebound.
15:51 of 2nd period - Slapshot by Zac Rinaldo.
15:51 of 2nd period - Stopped by Marek Mazanek without a rebound.
15:52 of 2nd period - Tyler Bozak wins face-off versus Zac Rinaldo in Diables zone.
16:32 of 2nd period - Mark Fraser is hit by Alec Martinez and loses puck.
17:46 of 2nd period - Penalty to Taylor Beck is over, Taylor Beck is back on ice.
18:09 of 2nd period - Snap shot by Gabriel Landeskog.
18:09 of 2nd period - Stopped by Jhonas Enroth without a rebound.
18:10 of 2nd period - Ryan White wins face-off versus Craig Smith in Monarchs zone.
18:59 of 2nd period - Justin Williams is hit by Gabriel Landeskog and loses puck.
19:14 of 2nd period - Backhand shot by Johnny Gaudreau.
19:14 of 2nd period - Stopped by Marek Mazanek with a rebound.
19:22 of 2nd period - Snap shot by Tom Gilbert.
19:22 of 2nd period - Shot Blocked by Petter Granberg.
19:29 of 2nd period - Icing by Petter Granberg.
19:30 of 2nd period - Zac Rinaldo wins face-off versus Tyler Bozak in Diables zone.
Goals for this period are 2 for Monarchs vs 3 for Diables.
Shots for this period are 9 for Monarchs vs 12 for Diables.
3rd period
0:01 of 3rd period - Tyler Bozak wins face-off versus Shawn Matthias in neutral zone.
0:10 of 3rd period - Snap shot by Tyler Bozak.
0:10 of 3rd period - Shot Misses the Net.
0:26 of 3rd period - Pavel Valentenko is hit by Justin Williams and loses puck.
0:47 of 3rd period - Ben Hanowski is hit by Alec Martinez and loses puck.
1:11 of 3rd period - Snap shot by Taylor Beck.
1:11 of 3rd period - Shot Misses the Net.
1:19 of 3rd period - Lukas Krajicek is hit by Ryan White and loses puck.
1:31 of 3rd period - Minor Penalty to Johnny Gaudreau for Tripping.
1:32 of 3rd period - Tyler Bozak wins face-off versus Riley Cote in Monarchs zone.
1:33 of 3rd period - Slapshot by Gabriel Landeskog.
1:33 of 3rd period - Shot Blocked by Alec Martinez.
1:35 of 3rd period - Slapshot by Petter Granberg.
1:35 of 3rd period - Deflect By Riley Cote.
1:35 of 3rd period - Goal by Petter Granberg - Monarchs : 2 - Diables : 4.
1:35 of 3rd period - Andrew Hammond enters game.
1:36 of 3rd period - Shawn Matthias wins face-off versus Tyler Bozak in neutral zone.
2:26 of 3rd period - Slapshot by Trevor Lewis.
2:26 of 3rd period - Stopped by Marek Mazanek without a rebound.
2:27 of 3rd period - Trevor Lewis wins face-off versus Tyler Bozak in Diables zone.
2:30 of 3rd period - Snap shot by Trevor Lewis.
2:30 of 3rd period - Shot Misses the Net.
2:32 of 3rd period - Snap shot by Alexandre Grenier.
2:32 of 3rd period - Shot Blocked by Brian Dumoulin.
2:54 of 3rd period - Minor Penalty to Tom Gilbert for Hooking.
2:55 of 3rd period - Gabriel Landeskog wins face-off versus Riley Cote in Monarchs zone.
3:11 of 3rd period - Wrist shot by Benn Ferriero.
3:11 of 3rd period - Stopped by Andrew Hammond without a rebound.
3:12 of 3rd period - Tyler Bozak wins face-off versus Riley Cote in Monarchs zone.
3:13 of 3rd period - Wrist shot by Tyler Cuma.
3:13 of 3rd period - Shot Misses the Net.
3:15 of 3rd period - Wrist shot by Tyler Bozak.
3:15 of 3rd period - Shot Blocked by Theo Peckham.
3:19 of 3rd period - Slapshot by Tyler Bozak.
3:19 of 3rd period - Stopped by Andrew Hammond without a rebound.
3:20 of 3rd period - Riley Cote wins face-off versus Tyler Bozak in Monarchs zone.
3:53 of 3rd period - Wrist shot by Riley Sheahan.
3:53 of 3rd period - Shot Misses the Net.
3:55 of 3rd period - Wrist shot by Petter Granberg.
3:55 of 3rd period - Stopped by Andrew Hammond with a rebound.
4:54 of 3rd period - Penalty to Tom Gilbert is over, Tom Gilbert is back on ice.
5:07 of 3rd period - Slapshot by Tyler Cuma.
5:07 of 3rd period - Deflect By Ben Hanowski.
5:07 of 3rd period - Shot Misses the Net.
5:07 of 3rd period - Puck is out of play.
5:08 of 3rd period - Craig Smith wins face-off versus Ryan White in Monarchs zone.
5:23 of 3rd period - Wrist shot by Ryan White.
5:23 of 3rd period - Stopped by Marek Mazanek without a rebound.
5:24 of 3rd period - Tyler Bozak wins face-off versus Shawn Matthias in Diables zone.
5:35 of 3rd period - Snap shot by Tyler Bozak.
5:35 of 3rd period - Stopped by Andrew Hammond with a rebound.
5:39 of 3rd period - Slapshot by Benn Ferriero.
5:39 of 3rd period - Stopped by Andrew Hammond with a rebound.
6:49 of 3rd period - Kyle Chipchura is hit by Matt Irwin and loses puck.
6:54 of 3rd period - Slapshot by Matt Irwin.
6:54 of 3rd period - Stopped by Marek Mazanek with a rebound.
6:56 of 3rd period - Wrist shot by Johnny Gaudreau.
6:56 of 3rd period - Shot Misses the Net.
6:58 of 3rd period - Snap shot by Theo Peckham.
6:58 of 3rd period - Shot Blocked by Pavel Valentenko.
7:00 of 3rd period - Snap shot by Mark Stone.
7:00 of 3rd period - Shot Blocked by Tyler Cuma.
7:40 of 3rd period - Petter Granberg is hit by Riley Cote and loses puck.
8:02 of 3rd period - Wrist shot by Ryan White.
8:02 of 3rd period - Shot Misses the Net.
8:04 of 3rd period - Snap shot by Andreas Martinsen.
8:04 of 3rd period - Stopped by Marek Mazanek without a rebound.
8:05 of 3rd period - Shawn Matthias wins face-off versus Riley Sheahan in Diables zone.
8:11 of 3rd period - Icing by Lukas Krajicek.
8:12 of 3rd period - Riley Sheahan wins face-off versus Shawn Matthias in Diables zone.
8:29 of 3rd period - Snap shot by Tomas Kubalik.
8:29 of 3rd period - Shot Misses the Net.
8:31 of 3rd period - Snap shot by Tomas Kubalik.
8:31 of 3rd period - Deflect By Riley Sheahan.
8:31 of 3rd period - Goal by Riley Sheahan - Monarchs : 2 - Diables : 5.
8:32 of 3rd period - Tyler Bozak wins face-off versus Zac Rinaldo in neutral zone.
8:37 of 3rd period - Snap shot by Tyler Bozak.
8:37 of 3rd period - Shot Misses the Net.
8:39 of 3rd period - Backhand shot by Tyler Bozak.
8:39 of 3rd period - Deflect By Kellan Lain.
8:39 of 3rd period - Shot Blocked by Matt Irwin.
8:39 of 3rd period - Puck is out of play.
8:40 of 3rd period - Zac Rinaldo wins face-off versus Tyler Bozak in Monarchs zone.
8:47 of 3rd period - Snap shot by Tyler Bozak.
8:47 of 3rd period - Goal by Tyler Bozak - Monarchs : 2 - Diables : 6.
8:48 of 3rd period - Shawn Matthias wins face-off versus Tyler Bozak in neutral zone.
8:51 of 3rd period - Slapshot by Matt Irwin.
8:51 of 3rd period - Stopped by Marek Mazanek with a rebound.
8:54 of 3rd period - Icing by Tyler Bozak.
8:55 of 3rd period - Shawn Matthias wins face-off versus Tyler Bozak in Diables zone.
9:00 of 3rd period - Snap shot by Johnny Gaudreau.
9:00 of 3rd period - Stopped by Marek Mazanek without a rebound.
9:01 of 3rd period - Tyler Bozak wins face-off versus Zac Rinaldo in Diables zone.
9:12 of 3rd period - Slapshot by Matt Irwin.
9:12 of 3rd period - Stopped by Marek Mazanek without a rebound.
9:13 of 3rd period - Tyler Bozak wins face-off versus Shawn Matthias in Diables zone.
9:13 of 3rd period - Tyler Bozak is hit by Johnny Gaudreau.
9:48 of 3rd period - Justin Williams is hit by Gabriel Landeskog.
10:41 of 3rd period - Snap shot by Tyler Bozak.
10:41 of 3rd period - Stopped by Andrew Hammond with a rebound.
11:18 of 3rd period - Slapshot by Matt Irwin.
11:18 of 3rd period - Deflect By Ben Hanowski.
11:18 of 3rd period - Stopped by Marek Mazanek with a rebound.
11:20 of 3rd period - Snap shot by Shawn Matthias.
11:20 of 3rd period - Shot Misses the Net.
11:22 of 3rd period - Slapshot by Theo Peckham.
11:22 of 3rd period - Deflect By Lukas Krajicek.
11:22 of 3rd period - Stopped by Marek Mazanek without a rebound.
11:23 of 3rd period - Riley Sheahan wins face-off versus Zac Rinaldo in Diables zone.
11:54 of 3rd period - Wrist shot by Tyler Bozak.
11:54 of 3rd period - Stopped by Andrew Hammond without a rebound.
11:55 of 3rd period - Tyler Bozak wins face-off versus Trevor Lewis in Monarchs zone.
12:09 of 3rd period - Minor Penalty to Trevor Lewis for High sticking.
12:10 of 3rd period - Tyler Bozak wins face-off versus Riley Cote in Monarchs zone.
12:15 of 3rd period - Off-side.
12:16 of 3rd period - Riley Cote wins face-off versus Tyler Bozak in neutral zone.
12:23 of 3rd period - Slapshot by Alec Martinez.
12:23 of 3rd period - Stopped by Marek Mazanek with a rebound.
12:31 of 3rd period - Slapshot by Tyler Cuma.
12:31 of 3rd period - Stopped by Andrew Hammond with a rebound.
13:54 of 3rd period - Icing by Riley Sheahan.
13:55 of 3rd period - Shawn Matthias wins face-off versus Riley Sheahan in Diables zone.
14:09 of 3rd period - Penalty to Trevor Lewis is over, Trevor Lewis is back on ice.
14:29 of 3rd period - Snap shot by Brandon Prust.
14:29 of 3rd period - Shot Misses the Net.
14:32 of 3rd period - Icing by Tom Gilbert.
14:33 of 3rd period - Ryan White wins face-off versus Kyle Chipchura in Monarchs zone.
14:47 of 3rd period - Slapshot by Matt Tennyson.
14:47 of 3rd period - Stopped by Marek Mazanek without a rebound.
14:48 of 3rd period - Benn Ferriero wins face-off versus Zac Rinaldo in Diables zone.
15:03 of 3rd period - Snap shot by Tyler Bozak.
15:03 of 3rd period - Shot Blocked by Alec Martinez.
15:13 of 3rd period - Petter Granberg is hit by Shawn Matthias and loses puck.
15:35 of 3rd period - Brandon Prust beats up Andreas Martinsen.
15:35 of 3rd period - Penalty to Brandon Prust for Fighting.
15:35 of 3rd period - Penalty to Andreas Martinsen for Fighting.
15:36 of 3rd period - Zac Rinaldo wins face-off versus Tyler Bozak in Monarchs zone.
15:45 of 3rd period - Wrist shot by Kyle Clifford.
15:45 of 3rd period - Shot Misses the Net.
16:03 of 3rd period - Shawn Matthias is hit by Tyler Cuma and loses puck.
16:53 of 3rd period - Slapshot by Matt Irwin.
16:53 of 3rd period - Shot Blocked by Lukas Krajicek.
16:55 of 3rd period - Snap shot by Trevor Lewis.
16:55 of 3rd period - Shot Misses the Net.
16:57 of 3rd period - Wrist shot by Trevor Lewis.
16:57 of 3rd period - Stopped by Marek Mazanek with a rebound.
16:59 of 3rd period - Slapshot by Theo Peckham.
16:59 of 3rd period - Stopped by Marek Mazanek without a rebound.
17:00 of 3rd period - Zac Rinaldo wins face-off versus Riley Sheahan in Diables zone.
17:01 of 3rd period - Wrist shot by Kyle Clifford.
17:01 of 3rd period - Stopped by Marek Mazanek with a rebound.
17:23 of 3rd period - Tomas Kubalik is hit by Matt Tennyson and loses puck.
17:45 of 3rd period - Wrist shot by Kyle Clifford.
17:45 of 3rd period - Stopped by Marek Mazanek with a rebound.
18:33 of 3rd period - Snap shot by Gabriel Landeskog.
18:33 of 3rd period - Shot Misses the Net.
18:35 of 3rd period - Snap shot by Tomas Kubalik.
18:35 of 3rd period - Shot Misses the Net.
18:39 of 3rd period - Wrist shot by Gabriel Landeskog.
18:39 of 3rd period - Stopped by Andrew Hammond with a rebound.
18:41 of 3rd period - Wrist shot by Tomas Kubalik.
18:41 of 3rd period - Stopped by Andrew Hammond without a rebound.
18:42 of 3rd period - Tyler Bozak wins face-off versus Shawn Matthias in Monarchs zone.
18:54 of 3rd period - Off-side.
18:55 of 3rd period - Shawn Matthias wins face-off versus Tyler Bozak in neutral zone.
19:21 of 3rd period - Shawn Matthias is hit by J.T. Brown and loses puck.
19:30 of 3rd period - Taylor Beck is hit by Johnny Gaudreau and loses puck.
19:39 of 3rd period - Wrist shot by Shawn Matthias.
19:39 of 3rd period - Shot Misses the Net.
19:41 of 3rd period - Slapshot by Matt Irwin.
19:41 of 3rd period - Deflect By Taylor Beck.
19:41 of 3rd period - Stopped by Marek Mazanek without a rebound.
19:42 of 3rd period - Tyler Bozak wins face-off versus Trevor Lewis in Diables zone.
19:59 of 3rd period - Tyler Bozak is hit by Riley Cote and loses puck.
Goals for this period are 0 for Monarchs vs 3 for Diables.
Shots for this period are 16 for Monarchs vs 13 for Diables.
Back to the Top